AoeStats
← citron_Petr

Arena

510601758Analyzed
2v2 RM · 1d ago on Oct 1, 2026· 64m 16s· 4 players
Game mode
Random Map
Map size
Medium (4 player)
Population
200
Speed
Normal
Resources
Standard
Victory
Conquest
Starting age
Dark Age
Ending age
Imperial Age
RankedLock teamsTeams togetherTeam positionsShared explorationLock speedFull tech treeHidden civsTurbo modeCheats
Victory
Defeat
🇨🇿 Bohemians · Czechia
537
+17
🇨🇿 Khmer · Czechia
535
+17
🇩🇪 Romans · Germany
567
-17
🇩🇪 Portuguese · Germany
560
-22
xDarkFaZeCZx
12:22 Feudal Age
12:51 Horse Collar
13:00 Double-Bit Axe
20:44 Castle Age
27:49 Bow Saw
29:05 Bloodlines
28:55 Husbandry
32:46 Gold Mining
32:47 Stone Mining
33:05 Heavy Plow
32:57 Light Cavalry
39:08 Masonry
39:09 Fortified Wall
38:49 Heated Shot
43:40 Imperial Age
42:34 Tusk Swords
43:50 Gold Shaft Mining
43:51 Stone Shaft Mining
43:22 Guard Tower
43:27 Murder Holes
43:53 Ballistics
46:20 Double Crossbow
45:41 Elite Ballista Elephant
45:52 Sappers
47:14 Hoardings
47:33 Crop Rotation
48:36 Cavalier
49:51 Hussar
51:05 Caravan
51:35 Coinage
59:37 Banking
citron_Petr
18:45 Feudal Age
20:17 Wheelbarrow
19:28 Town Watch
19:30 Loom
23:09 Castle Age
27:01 Hand Cart
30:05 Double-Bit Axe
34:47 Imperial Age
33:19 Chemistry
34:46 Bow Saw
43:24 Elite Hussite Wagon
46:05 Onager
52:46 Houfnice
calvindukelb
7:56 Loom
11:59 Feudal Age
10:48 Loom
12:32 Double-Bit Axe
13:32 Wheelbarrow
13:28 Horse Collar
19:39 Gold Mining
19:39 Stone Mining
29:29 Castle Age
32:08 Forging
31:58 Scale Mail Armor
32:04 Scale Barding Armor
32:00 Padded Archer Armor
31:50 Fletching
35:08 Stone Shaft Mining
34:52 Bow Saw
34:53 Man-at-Arms
34:54 Pikeman
35:19 Gambesons
35:32 Arson
36:50 Long Swordsman
39:53 Light Cavalry
40:10 Elite Skirmisher
40:10 Crossbowman
42:36 Hand Cart
42:07 Town Watch
43:05 Caravan
43:36 Coinage
43:47 Coinage
45:32 Circumnavigation
49:20 Imperial Age
50:42 Two-Handed Swordsman
50:42 Halberdier
53:32 Cavalier
G!N0 C@$!N0
12:33 Feudal Age
13:15 Double-Bit Axe
13:12 Horse Collar
13:24 Gold Mining
13:55 Stone Mining
15:45 Wheelbarrow
19:30 Castle Age
20:40 Bow Saw
21:12 Gold Shaft Mining
21:51 Heavy Plow
22:35 Caravan
22:26 Loom
22:51 Man-at-Arms
22:52 Pikeman
26:03 Murder Holes
27:42 Ballistas
28:26 Hand Cart
32:03 Pikeman
32:44 Squires
36:48 Imperial Age
33:40 Long Swordsman
34:58 Ballistics
35:24 Fervor
37:52 Conscription
36:59 Capped Ram
38:05 Comitatenses
40:12 Siege Engineers
41:07 Chemistry
40:23 Halberdier
41:49 Bloodlines
41:39 Husbandry
41:26 Cavalier
42:29 Scale Barding Armor
44:18 Crop Rotation
44:58 Heavy Scorpion
46:39 Chain Barding Armor
46:30 Forging
Connection lost

Rejoining the realm…

Still unreachable

The connection could not be restored.

Session expired

The server has moved on; the page needs a fresh start.